 Dungeon Crawl Stone Soup version 0.27.1-2-g3b301248ec (webtiles) character file.

Game seed: 3218518315944175694

702 Kinoniko the Carver (level 7, -8/52 HPs)
             Began as a Demonspawn Berserker on Oct 1, 2021.
             Was a Priest of Trog.
             Killed from afar by an orc wizard (12 damage)
             ... with a magic dart
             ... on level 5 of the Dungeon.
             The game lasted 00:03:43 (4109 turns).

Kinoniko the Carver (Demonspawn Berserker)          Turns: 4109, Time: 00:03:44

Health: -8/52      AC:  7    Str: 19    XL:     7   Next: 39%
Magic:  7/7        EV: 15    Int:  9    God:    Trog [***...]
Gold:   107        SH:  0    Dex: 12    Spells: 6/6 levels left

rFire    . . .     SeeInvis .   o - +0 long sword
rCold    . . .     Faith    .   (no shield)
rNeg     . . .     Spirit   .   j - +0 ring mail
rPois    .         Reflect  .   i - +0 helmet
rElec    .         Harm     .   l - +0 cloak
rCorr    .         Rampage  .   (no gloves)
Will     .....                  (no boots)
Stlth    ..........             (no amulet)
HPRegen  0.17/turn              p - +4 ring of evasion
MPRegen  0.10/turn              (no ring)

@: confused, on berserk cooldown
A: claws 2, demonic magic 1
a: Renounce Religion, Berserk, Trog's Hand


You were on level 5 of the Dungeon.
You worshipped Trog.
Trog was most pleased with you.
You visited 1 branch of the dungeon, and saw 5 of its levels.

You collected 107 gold pieces.

Inventory:

Hand Weapons
 a - a +0 falchion
 o - a +0 long sword (weapon)
Armour
 i - a +0 helmet (worn)
 j - a +0 ring mail (worn)
 l - a +0 cloak (worn)
Jewellery
 k - an amulet of magic regeneration
 n - a ring of fire
 p - a +4 ring of evasion (left claw)
Scrolls
 d - a scroll of noise
 m - a scroll of magic mapping
 q - a scroll of teleportation
Potions
 b - a potion of resistance {unknown}
 c - 3 potions of ambrosia {unknown}
 e - a potion of haste {unknown}
 f - 4 potions of lignification
 g - 2 potions of invisibility {unknown}
 r - a potion of degeneration {unknown}


   Skills:
 - Level 3.0 Fighting
 * Level 8.0 Long Blades
 - Level 1.7 Armour
 - Level 1.7 Dodging


You had 6 spell levels left.
You didn't know any spells.
Your spell library contained the following spells:

 Spells                   Type           Power      Damage    Failure   Level
 Beastly Appendage        Tmut           0%         N/A       56%         1
 Wereblood                Tmut           0%         N/A       71%         2
 Ozocubu's Armour         Ice            0%         N/A       91%         3
 Spider Form              Tmut/Pois      0%         N/A       91%         3
 Ozocubu's Refrigeration  Ice            0%         4d5       100%        7


Dungeon Overview and Level Annotations

Branches:
Dungeon (5/15)             Temple (0/1) D:4

Altars:
Ashenzari
Cheibriados

Shops:
D:4 =

Annotations:
D:5 2 transporters, Descartes's ghost, weakling SpDe


Innate Abilities, Weirdness & Mutations

You have very sharp fingernails.
Spells you cast may paralyse adjacent enemies.


Message History

The magic dart hits you.
* * * LOW HITPOINT WARNING * * *
Something closely misses you.
You hit something. Something hits you.
* * * LOW HITPOINT WARNING * * *
You barely miss something. Something hits you.
* * * LOW HITPOINT WARNING * * *
Something hits you but does no damage.
Unknown command.
You closely miss something. Something hits you but does no damage.
You miss something. Something hits you but does no damage.
Something closely misses you.
You closely miss something. Something hits you.
* * * LOW HITPOINT WARNING * * *
Unknown command.
You miss something.
Something hits you but does no damage. x2
You miss something.
You hear some strange, mumbled words.
A puff of flame appears from out of thin air!
The puff of flame hits you!
* * * LOW HITPOINT WARNING * * *
You closely miss something.
An orc wizard appears from thin air!
Reactivating autopickup.
The orc wizard barely misses you.
The orc wizard points at you and mumbles some strange words.
You are confused.
Unknown command.
You miss the orc wizard.
The orc wizard is moderately wounded.
The orc wizard closely misses you.
Unknown command.
You miss the orc wizard.
The orc wizard is moderately wounded.
The orc wizard barely misses you. The orc wizard misses you.
You feel yourself speed up.
The orc wizard hits you with a +0 dagger.
* * * LOW HITPOINT WARNING * * *
The orc wizard gestures at you while chanting.
The magic dart hits you!
You die...

.. .
....#..##.##.#.####.#
. .#
###...>....##.#......#
..
........##.##.#.####.#
....###....##...#
#_#####.......###
....###.).....## #
^......)o.###..#####.#
.........###.....###.#
#......)@###.....###.#
#........###.....###.#
#.######.............#
# #.............#
#......_......#
##............#
#............#
####.....###.#
####.....###.#


You could see an orc wizard.

Vanquished Creatures
  Grinder (D:4)
  Sigmund (D:4)
  A scorpion (D:4)
  2 hounds (D:4)
  Crazy Yiuf (D:4)
  2 iguanas
  2 orc wizards (D:5)
  2 adders
  2 white imps (D:5)
  An adder skeleton (D:4)
  2 worms
  A dart slug (D:2)
  8 orcs
  4 ball pythons
  3 bats (D:1)
  5 endoplasms
  4 giant cockroaches
  6 goblins
  6 hobgoblins
  5 quokkas
  4 frilled lizards
  4 kobolds
  7 rats
74 creatures vanquished.

Notes
Turn   | Place    | Note
-------+----------+-------------------------------------------
     0 | D:1      | Kinoniko the Demonspawn Berserker began the quest for the
                  | Orb.
     0 | D:1      | Reached XP level 1. HP: 18/18 MP: 1/1
   134 | D:1      | Reached skill level 3 in Long Blades
   175 | D:1      | Gained mutation: Spells you cast may paralyse adjacent
                  | enemies. [demonic ancestry]
   175 | D:1      | Reached XP level 2. HP: 19/24 MP: 2/2
   637 | D:1      | Found a faded altar of an unknown god.
  1407 | D:2      | Reached XP level 3. HP: 19/29 MP: 3/3
  1538 | D:2      | Reached skill level 4 in Long Blades
  1807 | D:2      | Reached ** piety under Trog
  2665 | D:4      | Noticed Grinder
  2670 | D:4      | Paralysed by Grinder for 2 turns
  2674 | D:4      | Killed Grinder
  2675 | D:4      | Reached skill level 6 in Long Blades
  2675 | D:4      | Gained mutation: You have sharp fingernails. [demonic
                  | ancestry]
  2675 | D:4      | Reached XP level 4. HP: 35/35 MP: 4/4
  2675 | D:4      | Reached XP level 5. HP: 41/41 MP: 5/5
  2768 | D:4      | Reached XP level 6. HP: 47/47 MP: 6/6
  3048 | D:4      | Found a staircase to the Ecumenical Temple.
  3411 | D:4      | Found Lohopas's Jewellery Shop.
  3450 | D:4      | Noticed Sigmund
  3458 | D:4      | Killed Sigmund
  3459 | D:4      | Reached skill level 7 in Long Blades
  3459 | D:4      | Gained mutation: You have very sharp fingernails. [demonic
                  | ancestry]
  3459 | D:4      | Reached XP level 7. HP: 52/52 MP: 7/7
  3592 | D:4      | Found a runed translucent door.
  3593 | D:4      | Noticed Crazy Yiuf
  3675 | D:4      | Killed Crazy Yiuf
  3744 | D:5      | Entered Level 5 of the Dungeon
  3763 | D:5      | Noticed Descartes's ghost (weakling SpDe)
  3763 | D:5      | Noticed a wraith
  3764 | D:5      | Found a transporter.
  3767 | D:5      | Found a transporter.
  3830 | D:5      | Found a snail-covered altar of Cheibriados.
  4070 | D:5      | Found a broken altar of Ashenzari.
  4081 | D:5      | Reached *** piety under Trog
  4090 | D:5      | Reached skill level 8 in Long Blades
  4109 | D:5      | Killed from afar by an orc wizard

Illustrated notes

Levels and vault maps discovered:
D:1:      minmay_arrival_shoal_huts, layout_basic,
          chequers_ecumenical_altar_grove, minmay_misc_feat_x,
          minmay_hexomino_f4
D:2:      layout_basic, st_stairs_2
D:3:      layout_basic
D:4:      layout_gridville, minmay_temple_entry_junction, st_stairs_2,
          minmay_shop_enchanted_jewellery, corexii_shack, serial_bayou_pond_d,
          uniq_sigmund, uniq_crazy_yiuf_cottage, uniq_grinder
D:5:      layout_basic, slow_altar_1, cheibrodos_ashenzari_chains,
          grunt_dithmenos_smoke, serial_shops, shop, gammafunk_ghost_arena,
          uniq_duvessa

Skill      XL: |  1  2  3  4  5  6  7 |
---------------+----------------------+-----
Long Blades    | 3 6 7 8 |  8.0
Fighting       | |  3.0
Armour         | |  1.7
Dodging        | |  1.7

Action                   |  1- 3 |  4- 6 |  7- 9 || total
-------------------------+-------+-------+-------++-------
Melee: Falchion          |   143 |    12 |       ||   155
       Long sword        |       |    46 |    71 ||   117
Invok: Berserk           |     2 |     3 |     3 ||     8
  Use: Scroll            |       |       |     4 ||     4
Armor: Animal skin       |    15 |       |       ||    15
       Ring mail         |    37 |    14 |    23 ||    74
Dodge: Dodged            |    86 |    44 |    28 ||   158
       Rpst.: Falchion   |    25 |     3 |       ||    28
       Long sword        |       |     5 |     4 ||     9
